 Dungeon Crawl Stone Soup version 0.15.0-12-gccce430 (webtiles) character file.

15463 Kashira the Covert (level 12, -3/94 (102) HPs)
             Began as a Naga Enchanter on Sept 1, 2014.
             Was a High Priest of Qazlal.
             Slain by an orc knight
             ... wielding a +0 long sword
              (4 damage)
             ... on Level 4 of the Orcish Mines.
             The game lasted 02:00:44 (16247 turns).

Kashira the Covert (Naga Enchanter)                Turns: 16247, Time: 02:00:44

HP  -3/94 (102)  AC 16     Str 11      XL: 12   Next: 27%
MP  15/29        EV 12     Int 19      God: Qazlal [*****.]
Gold 761         SH 14     Dex 13      Spells:  3 memorised, 19 levels left

rFire  . . .     SeeInvis +     L - +3 falchion (elec)
rCold  + . .     Clarity  +     U - +0 troll leather armour
rNeg   . . .     rCorr    .     F - +0 buckler
rPois  +         rRot     .     x - +3 crown of Dyrovepreva {rElec Int+2 SInv}
rElec  +         Spirit   .     R - +0 cloak
SustAb .         Warding  .     e - +0 pair of gloves
rMut   .         Stasis   .     (no barding)
Gourm  .                        v - amulet of clarity
MR     +....                    S - ring of wizardry
                                V - ring of protection from cold

@: about to teleport, protected from physical damage, very slightly
contaminated, repel missiles, invisible, very slow, somewhat resistant to
hostile enchantments, unstealthy
A: spit poison, large bone plates 1, see invisible, blink 1, deformed body,
poison resistance, slowness 2, weak 1, AC +4
a: Spit Poison, Blink, Upheaval, Elemental Force, Disaster Area, Renounce
Religion


You were on level 4 of the Orcish Mines.
You worshipped Qazlal.
Qazlal was extremely pleased with you.
You were not hungry.

You visited 3 branches of the dungeon, and saw 16 of its levels.

You collected 1655 gold pieces.
You spent 894 gold pieces at shops.

Inventory:

Hand weapons
 a - a +1 dagger
 u - a +0 hand crossbow
 D - the +6 arbalest "Hellfire" {hellfire, rF++ rC- MR+}
   (You found it on level 9 of the Dungeon)

   It greatly protects you from fire.
   It makes you vulnerable to cold.
   It affects your resistance to hostile enchantments.
 L - a +3 falchion of electrocution (weapon)
 M - a +0 shortbow
Missiles
 y - 16 tomahawks (quivered)
 z - 39 bolts
 N - 16 arrows
Armour
 e - a +0 pair of gloves (worn)
 x - the +3 crown of Dyrovepreva (worn) {rElec Int+2 SInv}
   (You bought it in a shop on level 9 of the Dungeon)

   It affects your intelligence (+2).
   It insulates you from electricity.
   It enhances your eyesight.
 C - a cursed -2 ring mail
 F - a +0 buckler (worn)
 R - a +0 cloak (worn)
 U - a +0 troll leather armour (worn)
 Y - a +2 leather armour of cold resistance
Magical devices
 W - a wand of flame (13)
Comestibles
 g - a chunk of orc flesh
 o - a rotting chunk of orc flesh
 A - 4 bread rations
 I - a beef jerky
 K - 2 fruits
 Q - a royal jelly
Scrolls
 b - a scroll of blinking
 f - 8 scrolls of remove curse
 i - 4 scrolls of teleportation
 k - a scroll of magic mapping
 m - 2 scrolls of enchant weapon
 p - 3 scrolls of fog
 q - 2 scrolls of identify
 s - a scroll of brand weapon
 E - 2 scrolls of amnesia
 H - 2 scrolls of recharging
 P - 4 scrolls of immolation
Jewellery
 h - an uncursed amulet of the gourmand
 v - an amulet of clarity (around neck)
 B - an uncursed ring of ice
 S - a ring of wizardry (right hand)
 V - a ring of protection from cold (left hand)
 X - an uncursed ring of wizardry
Potions
 j - a potion of resistance
 l - a potion of flight
 n - 3 potions of haste
 r - 3 potions of restore abilities
 t - 3 potions of curing
 w - a potion of mutation
 J - 2 potions of magic
Books
 c - a book of Maledictions

   Spells                             Type                      Level
   Corona                             Hexes                        1
   Sure Blade                         Hexes/Charms                 2
   Ensorcelled Hibernation            Hexes/Ice                    2
   *Confuse                           Hexes                        3
   *Dazzling Spray                    Conjuration/Hexes            3
   *Enslavement                       Hexes                        4
Magical staves
 G - an uncursed staff of poison
 O - an uncursed staff of fire {unknown}


   Skills:
 + Level 4.9 Fighting
 + Level 3.4(4.2) Short Blades
 + Level 3.8(4.4) Long Blades
 + Level 0.6 Crossbows
 + Level 1.0 Throwing
 + Level 3.5 Armour
 + Level 6.2 Dodging
 + Level 11.0 Stealth
 + Level 3.7 Shields
 + Level 9.4 Spellcasting
 + Level 1.4 Conjurations
 + Level 10.1 Hexes


You had 19 spell levels left.
You knew the following spells:

 Your Spells              Type           Power        Failure   Level  Hunger
b - Confuse               Hex            #####...     1%          3    None
c - Dazzling Spray        Conj/Hex       ####....     1%          3    None
d - Enslavement           Hex            #####...     1%          4    ###....


Dungeon Overview and Level Annotations

Branches:
Dungeon (11/15)            Temple (0/1) D:7             Orc (4/4) D:11
    Elf (0/3) Orc:4          Lair (1/8) D:9

Altars:
Dithmenos
Fedhas
Kikubaaqudgha
Makhleb
Nemelex Xobeh
Okawaru
Qazlal
Sif Muna
Trog
Xom
Beogh

Shops:
D:4 !   D:9 [   Orc:3 (

Portals:
Trove: D:10 (give 2 scrolls of acquirement)

Annotations:
D:8 Charly's ghost, experienced FoEn
Lair:1 Nergalle


Innate Abilities, Weirdness & Mutations

You cannot wear boots.
You can spit poison.
Your serpentine skin is tough (AC +4).
You have supernaturally acute eyesight.
Armour fits poorly on your strangely shaped body.
Your system is resistant to poisons.
You cover ground very slowly.
You are partially covered in large bone plates (AC +2, SH +2).
You can translocate small distances at will.
You are weak. (Str -2)


Message History

The orc warrior misses you.
The orc warrior throws a tomahawk.
The tomahawk closely misses the orc knight.
You block the tomahawk.
The orc priest is struck by lightning.
You kill the orc priest!
Qazlal accepts your kill.
The orc high priest utters an invocation to Beogh.
The orc warrior throws a tomahawk.
The tomahawk misses you.
The tomahawk barely misses the orc knight.
The tomahawk hits the chaos spawn!
The orc knight is engulfed in freezing vapours.
The orc knight hits you from afar with a bardiche!
* * * LOW HITPOINT WARNING * * *
You hear a shout! x3
An orc high priest comes into view. It is wielding a trident.
Read which item? (? for menu, Esc to quit)
As you read the scroll of teleportation, it crumbles to dust.
You feel strangely unstable. The orc warrior closely misses you.
The orc high priest utters an invocation to Beogh.
The orc knight hits you with a long sword.
You die...

. . #......
#.. ..o#
#...... ##..
..... #......
#... .3.#..
#...... ##...
o.oo...
#....#. #...o
oo.#...
#.##.## #.3.o
o.o4...
#.#####
#..§o#ooo#..o.
### ###
#..oo@§..o....
#..
#.3o§#ooo#4...
##. ##.o§


ooo.... .###. #... o4.#... ...... ##.. ......# ...... #.. o..#.. ...... ##4
..... ..... ## .#.# .... . ... You could see 5 orc knights, an ice devil, 4 orc
high priests, an orange demon, 2 iron devils, a smoke demon (wandering), a chaos
spawn, a red devil, 12 orc warriors, 3 orc priests and 4 orcs.

Vanquished Creatures
  Snorg (Orc:3)
  A skeletal warrior (D:10)
  4 hill giants
  An orc sorcerer (Orc:2)
  2 manticores (D:11)
  A gargoyle (D:10)
  A komodo dragon (D:9)
  A troll (D:11)
  A boulder beetle (Orc:4)
  A hydra skeleton (D:9)
  A deep elf mage (D:11)
  11 yaks
  Eustachio (D:7)
  A hill giant skeleton (D:11)
  2 hippogriffs
  2 wargs
  2 black bears
  13 orc warriors
  5 sky beasts
  A yellow wasp (D:11)
  A necrophage (D:5)
  7 ice beasts
  12 ogres
  3 centaurs
  Sigmund (D:6)
  2 big kobolds
  A komodo dragon zombie (D:11)
  5 giant frogs
  A scorpion (D:8)
  11 killer bees
  4 jellies
  5 wights
  3 crimson imps
  A giant frog zombie (D:5)
  3 iguanas
  22 orc priests
  5 hounds
  24 orc wizards
  11 worker ants
  A brain worm zombie (D:11)
  An ogre skeleton (D:9)
  2 hound skeletons
  16 adders
  A green rat (D:9)
  3 orc zombies
  4 giant mites
  4 shadow imps
  12 white imps
  5 worms
  2 oozes
  149 orcs
  12 bats
  2 bat zombies
  19 hobgoblins
  11 jackals
  19 kobolds
  8 quokkas
  10 giant cockroaches
  6 giant geckos
  5 giant newts
  2 giant spores
  16 goblins
  A goblin zombie (D:5)
  A hobgoblin zombie (D:6)
  2 orc skeletons
  A quokka zombie (D:7)
  21 rats
  A rat skeleton (D:5)
  A spectral orc (Lair:1)
  2 ballistomycetes (D:8)
515 creatures vanquished.

Vanquished Creatures (collateral kills)
  2 yaks (D:10)
  An ice beast (D:10)
  2 wights (D:9)
  A killer bee (D:10)
  An orc priest (D:9)
7 creatures vanquished.

Vanquished Creatures (others)
  A giant frog (D:10)
  An orc (Orc:1)
  A bat (D:4)
  A rat (D:4)
4 creatures vanquished.

Grand Total: 526 creatures vanquished

Notes
Turn   | Place    | Note
--------------------------------------------------------------
     0 | D:1      | Kashira, the Naga Enchanter, began the quest for the Orb.
     0 | D:1      | Reached XP level 1. HP: 15/15 MP: 3/3
   161 | D:1      | Reached XP level 2. HP: 22/22 MP: 4/4
   544 | D:1      | Reached XP level 3. HP: 28/28 MP: 6/6
   552 | D:1      | Learned a level 3 spell: Confuse
   762 | D:1      | Reached skill level 5 in Stealth
   967 | D:2      | Found a shimmering altar of Xom.
  1068 | D:2      | Found a bloodstained altar of Trog.
  1184 | D:2      | Found a burning altar of Makhleb.
  1465 | D:3      | Reached XP level 4. HP: 28/37 MP: 8/8
  1476 | D:3      | Learned a level 3 spell: Dazzling Spray
  1776 | D:3      | Reached XP level 5. HP: 11/43 MP: 1/9
  1991 | D:3      | Found a deep blue altar of Sif Muna.
  2723 | D:4      | Reached skill level 1 in Fighting
  2979 | D:4      | Reached skill level 1 in Armour
  2979 | D:4      | Reached XP level 6. HP: 51/51 MP: 7/11
  3611 | D:4      | Found Nigydd's Distillery.
  3644 | D:4      | Bought a potion of agility for 25 gold pieces
  3644 | D:4      | Bought a potion of might for 25 gold pieces
  3644 | D:4      | Bought a potion of heal wounds for 30 gold pieces
  3644 | D:4      | Bought a potion of restore abilities for 30 gold pieces
  3644 | D:4      | Bought a potion of poison for 10 gold pieces
  3644 | D:4      | Bought a potion of invisibility for 55 gold pieces
  3703 | D:4      | Reached XP level 7. HP: 49/57 MP: 14/14
  4138 | D:4      | Reached skill level 6 in Stealth
  4412 | D:5      | Entered Level 5 of the Dungeon
  5073 | D:5      | Reached XP level 8. HP: 26/67 MP: 1/17
  5286 | D:5      | Reached skill level 5 in Hexes
  5546 | D:5      | Reached skill level 1 in Throwing
  5557 | D:5      | Gained mutation: You are partially covered in large bone plates (AC +2, SH +2). [mutagenic meat]
  5959 | D:6      | Noticed Sigmund
  5977 | D:6      | Killed Sigmund
  6077 | D:6      | Reached skill level 5 in Spellcasting
  6355 | D:6      | Reached XP level 9. HP: 58/66 MP: 12/21
  6545 | D:6      | Reached skill level 1 in Shields
  6552 | D:6      | Reached skill level 7 in Stealth
  6843 | D:6      | Found a stormy altar of Qazlal.
  6863 | D:6      | Found a blossoming altar of Fedhas.
  6868 | D:6      | Became a worshipper of Qazlal Stormbringer
  7167 | D:7      | Found a staircase to the Ecumenical Temple.
  7213 | D:7      | Found a sparkling altar of Nemelex Xobeh.
  7356 | D:7      | Noticed Eustachio
  7432 | D:7      | Found an iron altar of Okawaru.
  7525 | D:7      | Learned a level 4 spell: Enslavement
  7884 | D:7      | Acquired Qazlal's first power
  8104 | D:7      | Killed Eustachio
  8260 | D:8      | Noticed Charly's ghost (experienced FoEn)
  8486 | D:8      | Reached skill level 8 in Stealth
  8694 | D:8      | Reached XP level 10. HP: 76/76 MP: 18/24
  8827 | D:8      | Reached skill level 1 in Long Blades
  9056 | D:9      | Found Esotzikh's Armour Shoppe.
  9156 | D:9      | Reached skill level 9 in Stealth
  9157 | D:9      | Acquired Qazlal's second power
  9168 | D:9      | Reached skill level 5 in Dodging
  9410 | D:9      | Noticed a hill giant
  9461 | D:9      | Killed a hill giant
  9652 | D:9      | Found a staircase to the Lair.
  9673 | D:9      | Found an ancient bone altar of Kikubaaqudgha.
 10211 | D:9      | Found a shadowy altar of Dithmenos.
 10323 | D:10     | Entered Level 10 of the Dungeon
 10356 | D:10     | Noticed a hill giant
 10369 | D:10     | Killed a hill giant
 10562 | D:10     | Reached XP level 11. HP: 14/84 MP: 9/26
 10878 | D:9      | Acquired Qazlal's third power
 11178 | D:10     | Found a portal to a secret trove of treasure.
 11236 | D:10     | Reached skill level 10 in Stealth
 11236 | D:10     | Reached skill level 1 in Conjurations
 11297 | D:10     | Gained mutation: You can translocate small distances at will. [potion of mutation]
 11297 | D:10     | Gained mutation: You are weak. (Str -2) [potion of mutation]
 11642 | D:10     | Noticed a hill giant
 11668 | D:10     | Killed a hill giant
 12225 | D:11     | Found a staircase to the Orcish Mines.
 12510 | D:11     | Acquired Qazlal's fourth power
 12571 | D:11     | Noticed a skeletal warrior
 12703 | D:11     | Noticed a hill giant
 12713 | D:11     | Killed a hill giant
 12805 | Orc:1    | Entered Level 1 of the Orcish Mines
 13020 | D:11     | Noticed a skeletal warrior
 13045 | D:10     | Killed a skeletal warrior
 14019 | Orc:1    | Found a roughly hewn altar of Beogh.
 14300 | D:9      | Bought the +3 crown of Dyrovepreva {rElec Int+2 SInv} for 579 gold pieces
 14476 | D:4      | Bought a potion of flight for 30 gold pieces
 14476 | D:4      | Bought 2 potions of magic for 110 gold pieces
 14666 | Lair:1   | Entered Level 1 of the Lair of Beasts
 14676 | Lair:1   | Noticed Nergalle
 15018 | Orc:2    | Reached XP level 12. HP: 92/92 MP: 25/29
 15031 | Orc:2    | Acquired Qazlal's fifth power
 15509 | Orc:3    | Noticed Snorg
 15534 | Orc:3    | Killed Snorg
 15534 | Orc:3    | Reached skill level 10 in Hexes
 15555 | Orc:3    | Found a roughly hewn altar of Beogh.
 15561 | Orc:3    | Found a shimmering altar of Xom.
 15597 | Orc:3    | Found Cish's Weapon Boutique.
 15764 | Orc:3    | Reached skill level 11 in Stealth
 15946 | Orc:4    | Entered Level 4 of the Orcish Mines
 15946 | Orc:4    | Found a staircase to the Elven Halls.
 16224 | Orc:4    | Noticed a stone giant
 16244 | Orc:4    | Noticed an orc high priest
 16244 | Orc:4    | Noticed an orc high priest
 16244 | Orc:4    | Noticed an orc high priest
 16244 | Orc:4    | Noticed an orc high priest
 16246 | Orc:4    | HP: 1/94 [orc knight/bardiche (12)]
 16247 | Orc:4    | Noticed an orc high priest
 16247 | Orc:4    | Slain by an orc knight

Action                   |  1- 3 |  4- 6 |  7- 9 | 10-12 || total
-------------------------+-------+-------+-------+-------++-------
Melee: Dagger            |    89 |   206 |   426 |       ||   721
       Falchion          |       |       |    50 |   517 ||   567
 Fire: Arbalest          |       |       |       |     3 ||     3
Throw: Tomahawk          |       |       |    13 |       ||    13
 Cast: Corona            |     3 |     2 |       |       ||     5
       Dazzling Spray    |       |    16 |    14 |    48 ||    78
       Confuse           |       |    12 |   101 |   161 ||   274
       Enslavement       |       |       |     4 |     7 ||    11
 Abil: Spit Poison       |    37 |    69 |   163 |    90 ||   359
  Use: Scroll            |       |     2 |       |    18 ||    20
       Potion            |       |     1 |     2 |    13 ||    16
 Stab: Sleeping          |     3 |       |       |       ||     3
       Confused          |       |     3 |    39 |    51 ||    93
       Invisible         |       |     1 |     4 |     4 ||     9
  Eat: Chunk             |     4 |    13 |    30 |    19 ||    66
       Bread ration      |       |     1 |       |     1 ||     2
       Beef jerky        |       |       |     1 |     1 ||     2
       Meat ration       |       |       |     1 |     2 ||     3
